 Dungeon Crawl Stone Soup version 0.29-a0-973-gac7da5f7f0 (webtiles) character file.

Game seed: 17041347981280288935

141 Sabo the Firebug (level 5, 0/36 HPs)
             Began as a Demonspawn Fire Elementalist on July 31, 2022.
             Slain by Crazy Yiuf
             ... wielding a +4 quarterstaff of chaos
              (8 damage)
             ... on level 3 of the Dungeon.
             The game lasted 00:19:35 (3437 turns).

Sabo the Firebug (Demonspawn Fire Elementalist)     Turns: 3437, Time: 00:19:35

Health: 0/36       AC: 15    Str: 12    XL:     5   Next: 3%
Magic:  8/9        EV: 12    Int: 25    God:
Gold:   111        SH:  0    Dex: 14    Spells: 5/9 levels left

rFire   . . .      SeeInvis .   h - +4 mace (protect)
rCold   . . .      Faith    .   (no shield)
rNeg    . . .      Spirit   .   a - +0 robe
rPois   .          Reflect  .   l - +0 hat
rElec   .          Harm     .   d - +0 cloak
rCorr   .          Rampage  .   i - +0 pair of gloves
Will    .....                   o - +2 pair of boots "Zonteovaot" {Str+4 Int+7}
Stlth   ++........              (no amulet)
HPRegen 0.12/turn               u - ring of wizardry
MPRegen 0.11/turn               (no ring)

@: under a protective aura
A: antennae 2, foul stench 1, sharp scales 1
a: no special abilities


You were on level 3 of the Dungeon.
You visited 1 branch of the dungeon, and saw 3 of its levels.

You collected 111 gold pieces.

Inventory:

Hand Weapons
 h - a +4 mace of protection (weapon)
 r - a +2 short sword of distortion
Missiles
 m - 2 poisoned darts (quivered)
Armour
 a - a +0 robe (worn)
 d - a +0 cloak (worn)
 i - a +0 pair of gloves (worn)
 l - a +0 hat (worn)
 o - the +2 pair of boots "Zonteovaot" (worn) {Str+4 Int+7}
   (You found it on level 2 of the Dungeon)

   Str:       It affects your strength (+4).
   Int:       It affects your intelligence (+7).
Jewellery
 u - a ring of wizardry (left hand)
Scrolls
 f - a scroll of blinking
 g - a scroll of fog
 k - a scroll of poison {unknown}
 v - a scroll of silence {unknown}
Potions
 b - a potion of magic
 c - 2 potions of haste {unknown}
 e - 2 potions of curing {unknown}
 p - 2 potions of might {unknown}
 q - a potion of flight {unknown}
 s - a potion of berserk rage {unknown}
 w - a potion of degeneration {unknown}


   Skills:
 + Level 0.4 Fighting
 + Level 1.2 Maces & Flails
 + Level 2.3 Dodging
 + Level 2.4 Stealth
 + Level 2.8 Spellcasting
 + Level 1.7 Conjurations
 + Level 3.4 Fire Magic


You had 5 spell levels left.
You knew the following spells:

 Your Spells              Type           Power      Damage    Failure   Level
a - Foxfire               Conj/Fire      64%        2x1d7     1%          1
b - Conjure Flame         Conj/Fire      16%        6-21      4%          3

Your spell library contained the following spells:

 Spells                   Type           Power      Damage    Failure   Level
 Scorch                   Fire           40%        2d7       1%          2
 Inner Flame              Hex/Fire       12%        N/A       6%          3
 Flame Wave               Conj/Fire      16%        2d7       14%         4


Dungeon Overview and Level Annotations

Branches:
Dungeon (3/15)

Altars:

Shops:
D:2 (

Annotations:
D:3 Crazy Yiuf, Ijyb


Innate Abilities, Weirdness & Mutations

You have a pair of antennae on your head.
You may rarely emit foul miasma when damaged in melee.
You are partially covered in razor-sharp scales. (AC +1, Slay +1)


Message History

HP restored.
A goblin comes into view. It is wielding a +0 club.
The goblin shouts!
Casting: Foxfire (safe; 1% risk of failure)
Confirm with . or Enter, or press ? or * to list all spells.
You conjure some foxfire!
The foxfire hits the goblin!
You kill the goblin!
Your foxfire dissipates!
A ball python comes into view.
Casting: Foxfire (safe; 1% risk of failure)
Confirm with . or Enter, or press ? or * to list all spells.
You conjure some foxfire!
The foxfire hits the ball python.
You kill the ball python!
Your foxfire dissipates!
You start resting.
Magic restored.
You see here a +0 club.
Found a hammer.
Found two hammers.
You see here a +0 hammer.
You see here a +0 hammer.
Found a hammer.
Found a runed translucent door.
You open the door.
Casting: Foxfire (safe; 1% risk of failure)
Confirm with . or Enter, or press ? or * to list all spells.
You conjure some foxfire!
Crazy Yiuf hits you with a +4 quarterstaff of chaos!
Crazy Yiuf freezes you.
You hit Crazy Yiuf.
Your weapon exudes an aura of protection.
Crazy Yiuf is lightly wounded.
Crazy Yiuf completely misses you.
You hit Crazy Yiuf.
Crazy Yiuf is heavily wounded.
Crazy Yiuf hits you with a +4 quarterstaff of chaos!
* * * LOW HITPOINT WARNING * * *
Crazy Yiuf hits you with a +4 quarterstaff of chaos!
You die...

#.####.#
#.####.####
##.#.......#
##.#..#.####
#####
##......#
#)..#
###.....#
#...#
####...##
... ......##
#g# #####.#
♣@♣♣ # #.#
♣♣v♣ # ##'##
♣.♣♣ #
##...## ♣♣.♣
###.....##
♣♣.♣♣
##..)....##
♣♣)).♣
#.........##
♣....♣
+.........'#
##..##
#.........##
##....#


You could see Crazy Yiuf (ally target).

Vanquished Creatures
  A necrophage (D:2)
  A worm (D:2)
  3 dart slugs
  9 endoplasms
  6 giant cockroaches
  7 goblins
  6 hobgoblins
  2 jackals (D:1)
  2 kobolds (D:2)
  6 ball pythons
  5 bats
  6 frilled lizards (D:2)
  5 rats
59 creatures vanquished.

Vanquished Creatures (others)
  103 foxfires
103 creatures vanquished.

Grand Total: 162 creatures vanquished

Notes
Turn   | Place    | Note
-------+----------+-------------------------------------------
     0 | D:1      | Sabo the Demonspawn Fire Elementalist began the quest for
                  | the Orb.
     0 | D:1      | Reached XP level 1. HP: 13/13 MP: 3/3
   159 | D:1      | Reached skill level 3 in Fire Magic
   406 | D:1      | Gained mutation: You may rarely emit foul miasma when
                  | damaged in melee. [demonic ancestry]
   406 | D:1      | Reached XP level 2. HP: 19/19 MP: 3/5
  1255 | D:1      | Gained mutation: You are partially covered in razor-sharp
                  | scales. (AC +1, Slay +1) [demonic ancestry]
  1255 | D:1      | Reached XP level 3. HP: 24/24 MP: 3/6
  1755 | D:2      | Identified the +2 pair of boots "Zonteovaot" {Str+4 Int+7}
  1818 | D:2      | Learned a level 3 spell: Conjure Flame
  2251 | D:2      | Found Sefain's Antique Weapon Boutique.
  2538 | D:2      | Noticed a necrophage
  2561 | D:2      | Killed a necrophage
  2562 | D:2      | Reached skill level 1 in Maces & Flails
  2562 | D:2      | Gained mutation: You have a pair of small antennae on your
                  | head. [demonic ancestry]
  2562 | D:2      | Reached XP level 4. HP: 31/31 MP: 3/8
  2930 | D:2      | Gained mutation: You have a pair of antennae on your head.
                  | [demonic ancestry]
  2930 | D:2      | Reached XP level 5. HP: 32/36 MP: 6/9
  3225 | D:3      | Noticed Ijyb
  3430 | D:3      | Found a runed translucent door.
  3431 | D:3      | Noticed Crazy Yiuf
  3437 | D:3      | Slain by Crazy Yiuf

Illustrated notes

Levels and vault maps discovered:
D:1:      dpeg_arrival_snail, layout_basic, minmay_heptomino_o4
D:2:      layout_loops_ring, serial_shops, shop, minmay_quantized
D:3:      layout_loops_corners, mainiacjoe_overflow_tiny_flanked,
          kennysheep_nub, minmay_door_square, uniq_crazy_yiuf_cottage,
          uniq_ijyb, uniq_robin, uniq_sigmund

Skill      XL: |  1  2  3 |
---------------+----------+-----
Fire Magic     | 3 |  3.4
Dodging        | 2 |  2.3
Stealth        | 2 |  2.4
Maces & Flails | 1 |  1.2
Fighting       | |  0.4
Spellcasting   | |  2.8
Conjurations   | |  1.7

Action                   |  1- 3 |  4- 6 || total
-------------------------+-------+-------++-------
Melee: Unarmed           |    21 |       ||    21
       Mace              |    54 |    10 ||    64
       Punch             |     1 |       ||     1
 Cast: Foxfire           |    57 |     7 ||    64
  Use: Scroll            |       |     5 ||     5
 Stab: Sleeping          |     1 |       ||     1
Armor: Robe              |    58 |     2 ||    60
Dodge: Dodged            |    83 |    10 ||    93

Table legend: (Time is in decaauts)
 A = Elapsed time spent in this place.
 B = Non-inter-level travel time spent in this place.
 C = Inter-level travel time spent in this place.
 D = Time resting spent in this place.
 E = Time spent auto-exploring this place.
 F = Levels seen in this place.
 G = Mean time per level.
                   A        B        C        D        E       F      G
               +--------+--------+--------+--------+--------+-----+--------+
         Total |   3460 |   3460 |      0 |   1320 |      0 |   3 | 1153.3 |
       Dungeon |   3460 |   3460 |      0 |   1320 |      0 |   3 | 1153.3 |
               +--------+--------+--------+--------+--------+-----+--------+

Top non-repeatable levels by time:
     D:1: 1723 daAuts
     D:2: 1561 daAuts
     D:3: 174 daAuts
